 Dungeon Crawl Stone Soup version 0.30-a0-867-g305f33218d (webtiles) character file.

Game seed: 13708829866998607402

45 Rocko1345 the Conjurer (level 3, -6/21 HPs)
             Began as a Tengu Reaver on Mar 10, 2023.
             Was a Follower of Vehumet.
             Mangled by a gnoll
             ... wielding a +0 halberd
              (15 damage)
             ... on level 2 of the Dungeon.
             The game lasted 00:04:38 (1288 turns).

Rocko1345 the Conjurer (Tengu Reaver)               Turns: 1288, Time: 00:04:39

Health: -6/21      AC:  3    Str: 14    XL:     3   Next: 64%
Magic:  7/7        EV: 12    Int: 13    God:    Vehumet [*.....]
Gold:   68         SH:  0    Dex: 12    Spells: 4/6 levels left

rFire   . . .      SeeInvis .    a - +0 falchion
rCold   . . .      Faith    .    (no shield)
rNeg    . . .      Spirit   .    b - +0 leather armour
rPois   .          Reflect  .    (helmet restricted)
rElec   .          Rampage  .    (no cloak)
rCorr   .                        (no gloves)
Will    +....                    (boots unavailable)
Stlth   +                        (no amulet)
HPRegen 0.23/turn                g - ring of willpower
MPRegen 0.10/turn                (no ring)

@: no status effects
A: beak, talons 3
a: Renounce Religion


You were on level 2 of the Dungeon.
You worshipped Vehumet.
Vehumet was aware of your devotion.
You visited 1 branch of the dungeon, and saw 2 of its levels.

You collected 68 gold pieces.

Inventory:

Hand Weapons
 a - a +0 falchion (weapon)
 h - a +0 sling
Missiles
 f - 4 javelins
Armour
 b - a +0 leather armour (worn)
Jewellery
 g - a ring of willpower (left hand)
Scrolls
 c - 2 scrolls of identify {unknown}
 i - a scroll of fog {unknown}
 k - a scroll of summoning {unknown}
Potions
 d - a potion of lignification {unknown}
 e - a potion of berserk rage {unknown}
 j - a potion of haste {unknown}


   Skills:
 + Level 2.0 Fighting
 + Level 3.7 Long Blades
 + Level 0.7 Armour
 + Level 2.4 Dodging
 + Level 2.3 Spellcasting
 * Level 4.9 Conjurations


You had 4 spell levels left.
You knew the following spells:

 Your Spells              Type           Power      Damage    Failure   Level
a - Kiss of Death         Conj/Necr      28%        2d7       12%         1
b - Freeze                Ice            4%         1d3       30%         1

Your spell library contained the following spells:

 Spells                   Type           Power      Damage    Failure   Level
 Momentum Strike          Conj/Tloc      14%        3d8       17%         2
 Hailstorm                Conj/Ice       7%         3d4       34%         3


Dungeon Overview and Level Annotations

Branches:
Dungeon (2/15)

Altars:
Vehumet

Shops:
D:2 !


Innate Abilities, Weirdness & Mutations

You have a beak for a mouth.
You have claws for feet.


Message History

Press: ? - help, Q - select action, (/) - cycle Shift-Dir - straight line, f/p - gnoll
Aim: a gnoll, wielding a +0 whip (severely wounded, 58% to hit)
You shoot a sling bullet.
The sling bullet barely misses the ball python.
The sling bullet hits the gnoll.
You kill the gnoll!
Vehumet accepts your kill. The ball python barely misses you.
The ball python grabs you. The ball python constricts you.
A gnoll comes into view. It is wielding a +0 halberd.
Your life force feels restored.
Unknown command.
Fire: h) +0 sling
Press: ? - help, Q - select action, (/) - cycle Shift-Dir - straight line, f - ball python
Aim: a ball python (constricting you, 50% to hit)
You shoot a sling bullet.
The sling bullet closely misses the ball python.
The sling bullet hits the gnoll but does no damage.
The ball python bites you. The ball python constricts you.
The ball python closely misses you. The ball python constricts you.
Fire: h) +0 sling
Press: ? - help, Q - select action, (/) - cycle Shift-Dir - straight line, f/p - ball python
Aim: a ball python (constricting you, 50% to hit)
You shoot a sling bullet.
The sling bullet closely misses the ball python.
The sling bullet closely misses the gnoll.
The sling bullet barely misses the gnoll.
The ball python bites you. The ball python constricts you.
The ball python bites you. The ball python constricts you.
a - a +0 falchion (weapon)
The ball python bites you. The ball python constricts you.
You barely miss the ball python. Your kick misses the ball python.
The ball python bites you but does no damage.
The ball python constricts you.
You hit the ball python.
You kill the ball python!
Vehumet accepts your kill.
The gnoll hits you from afar with a +0 halberd!
Ouch! That really hurt!
You die...

##### ######...#
#........# #.####...# #.#
##.## # #.# #.# # # #.#
#.# ##.# #.########.# #.#
.. .....)g@...# #.# #
....#g###### #.### ## . #
#...# .# ###.# .# #.#
.########################
#.#
#.......................#
#.#
#.##...##.......#....##.#
#.#
>..#...#..#.#†.#....#.#.#
#.#


You could see 2 gnolls.

Vanquished Creatures
  A gnoll (D:2)
  A worm (D:1)
  A dart slug (D:1)
  A bat (D:1)
  10 endoplasms
  A hobgoblin (D:1)
  A quokka (D:1)
  2 ball pythons
  2 frilled lizards
  5 goblins
  3 kobolds
  2 rats
30 creatures vanquished.

Notes
Turn   | Place    | Note
-------+----------+-------------------------------------------
     0 | D:1      | Rocko1345 the Tengu Reaver began the quest for the Orb.
     0 | D:1      | Reached XP level 1. HP: 12/12 MP: 4/4
   336 | D:1      | Reached XP level 2. HP: 17/17 MP: 6/6
   674 | D:1      | Reached XP level 3. HP: 21/21 MP: 7/7
   739 | D:1      | Found a faded altar of an unknown god.
   897 | D:1      | Prayed at the altar of an unknown god.
   897 | D:1      | Became a worshipper of Vehumet
   897 | D:1      | Reached * piety under Vehumet
   897 | D:1      | Offered knowledge of Freeze by Vehumet.
   902 | D:1      | Learned a level 1 spell: Freeze
  1076 | D:2      | Found Xachoj's Distillery.
  1288 | D:2      | Mangled by a gnoll

Illustrated notes

Levels and vault maps discovered:
D:1:      spicycebolla_arrival_clurvy, layout_basic,
          hellmonk_ecumenical_altar_prayer_group
D:2:      layout_loops_ring, serial_shops, shop, minmay_misc_feat_rugged,
          minmay_misc_feat_pillars, minivault_24, uniq_terence, uniq_robin

Action                     || total
---------------------------++-------
  Melee: Falchion          ||    60
         Kick              ||     8
         Peck              ||     7
   Fire: Sling             ||    13
   Cast: Kiss of Death     ||     3
 Armour: Leather armour    ||    23
  Dodge: Dodged            ||    32

Table legend: (Time is in decaauts)
 A = Elapsed time spent in this place.
 B = Non-inter-level travel time spent in this place.
 C = Inter-level travel time spent in this place.
 D = Time resting spent in this place.
 E = Time spent auto-exploring this place.
 F = Levels seen in this place.
 G = Mean time per level.
                   A        B        C        D        E       F      G
               +--------+--------+--------+--------+--------+-----+--------+
         Total |   1298 |   1148 |    150 |    134 |    642 |   2 |  649.0 |
       Dungeon |   1298 |   1148 |    150 |    134 |    642 |   2 |  649.0 |
               +--------+--------+--------+--------+--------+-----+--------+

Top non-repeatable levels by time:
     D:1: 1034 daAuts
     D:2: 263 daAuts
